AoeStats
← lorddoc

MegaRandom

510760722Analyzed
3v3 RM · 15h ago on Oct 2, 2026· 48m 52s· 6 players
Game mode
Random Map
Map size
Normal (6 player)
Population
200
Speed
Normal
Resources
Standard
Victory
Conquest
Starting age
Dark Age
Ending age
Imperial Age
RankedLock teamsTeams togetherTeam positionsShared explorationLock speedFull tech treeHidden civsTurbo modeCheats
Victory
Defeat
🇭🇰 Tatars · Hong Kong SAR China
1531
+10
🇭🇰 Armenians · Hong Kong SAR China
1522
+11
🇭🇰 Varangians · Hong Kong SAR China
1315
+18
🇪🇸 Huns · Spain
1408
-14
🇨🇭 Mongols · Switzerland
1399
-13
🇮🇹 Saxons · Italy
1369
-12
CARANZA
3:26 Loom
10:15 Feudal Age
10:44 Double-Bit Axe
14:01 Forging
15:25 Bloodlines
16:42 Horse Collar
18:07 Scale Barding Armor
24:04 Castle Age
22:04 Gold Mining
22:24 Fletching
24:31 Padded Archer Armor
24:50 Bodkin Arrow
24:58 Husbandry
25:35 Leather Archer Armor
28:27 Wheelbarrow
29:46 Bow Saw
30:42 Gold Shaft Mining
31:10 Elite Skirmisher
36:19 Hand Cart
47:46 Caravan
lorddoc
5:15 Loom
10:20 Feudal Age
16:03 Castle Age
15:23 Scale Barding Armor
15:08 Double-Bit Axe
25:08 Bloodlines
25:02 Horse Collar
30:13 Wheelbarrow
29:51 Fishing Lines
32:58 Imperial Age
30:37 Fletching
30:48 Padded Archer Armor
31:02 Husbandry
31:21 Heavy Plow
31:25 Bodkin Arrow
31:57 Thumb Ring
33:26 Leather Archer Armor
34:00 Bow Saw
34:24 Parthian Tactics
34:26 Bracer
35:39 Ballistics
36:24 Chemistry
38:49 Hand Cart
38:12 Light Cavalry
41:51 Chain Barding Armor
41:43 Forging
41:38 Hussar
Tattico87
7:39 Loom
10:16 Feudal Age
10:59 Double-Bit Axe
12:55 Gold Mining
14:49 Fletching
22:53 Castle Age
22:07 Horse Collar
23:56 Thumb Ring
23:22 Crossbowman
24:08 Thumb Ring
25:42 Wheelbarrow
26:21 Bodkin Arrow
28:07 Padded Archer Armor
29:10 Stone Mining
29:56 Bow Saw
30:26 Ballistics
32:49 Gold Shaft Mining
39:51 Imperial Age
37:49 Heavy Plow
38:54 Scale Mail Armor
39:05 Forging
40:00 Hand Cart
39:30 Elite Skirmisher
41:28 Leather Archer Armor
46:49 Chain Mail Armor
48:31 Chemistry
48:21 Caravan
lokrix
5:24 Loom
9:52 Feudal Age
10:34 Double-Bit Axe
10:46 Horse Collar
12:18 Bloodlines
15:23 Town Watch
18:04 Wheelbarrow
20:07 Forging
23:30 Castle Age
22:14 Scale Barding Armor
24:18 Husbandry
23:40 Light Cavalry
25:34 Hand Cart
28:33 Squires
32:56 Bow Saw
33:41 Chain Barding Armor
37:23 Iron Casting
37:25 Heavy Plow
40:47 Stone Mining
40:48 Gold Mining
43:37 Fletching
46:52 Imperial Age
Steven S Lee
7:03 Loom
10:18 Feudal Age
10:58 Double-Bit Axe
12:31 Fletching
15:47 Horse Collar
19:16 Wheelbarrow
23:01 Castle Age
22:03 Stone Mining
22:28 Padded Archer Armor
22:23 Gold Mining
23:17 Crossbowman
23:53 Bodkin Arrow
24:10 Bow Saw
24:32 Town Watch
28:19 Gold Mining
32:08 Ballistics
33:39 Leather Archer Armor
37:21 Imperial Age
38:19 Masonry
39:04 Heavy Plow
39:15 Treadmill Crane
39:31 Murder Holes
39:19 Treadmill Crane
41:12 Conscription
41:33 Arbalester
43:18 Chemistry
42:23 Elite Composite Bowman
42:36 Elite Skirmisher
46:12 Bracer
46:42 Ring Archer Armor
47:05 Hand Cart
49:10 Hoardings
Grrgrag
4:58 Loom
9:47 Feudal Age
10:18 Double-Bit Axe
18:51 Wheelbarrow
22:38 Castle Age
22:23 Fletching
22:50 Padded Archer Armor
23:02 Bloodlines
23:12 Gold Mining
23:24 Bodkin Arrow
23:59 Bow Saw
24:35 Husbandry
26:06 Leather Archer Armor
29:46 Ballistics
30:37 Horse Collar
30:58 Stone Mining
34:29 Hand Cart
39:31 Heavy Plow
44:05 Imperial Age
43:00 Scale Barding Armor
42:28 Light Cavalry
44:16 Chain Barding Armor
44:07 Forging
44:34 Hussar
46:34 Iron Casting
48:16 Plate Barding Armor
48:50 Silk Armor
49:12 Conscription
Connection lost

Rejoining the realm…

Still unreachable

The connection could not be restored.

Session expired

The server has moved on; the page needs a fresh start.